 Dungeon Crawl Stone Soup version 0.21-a0-444-g29a2fec (webtiles) character file.

7822 theanonym the Fighter (level 11, -9/104 HPs)
             Began as a Minotaur Hunter on Nov 17, 2017.
             Was an Elder of Cheibriados.
             Mangled by a death yak (21 damage)
             ... on level 9 of the Dungeon.
             The game lasted 00:19:58 (9018 turns).

theanonym the Fighter (Minotaur Hunter)             Turns: 9018, Time: 00:19:59

Health: -9/104     AC: 14    Str: 26    XL:     11   Next: 1%
Magic:  10/10      EV: 13    Int: 17    God:    Cheibriados [****..]
Gold:   108        SH:  0    Dex: 23    Spells: 8/10 levels left

rFire    . . .     SeeInvis .   a - +1 shortbow
rCold    . . .     Gourm    .   (shield currently unavailable)
rNeg     . . .     Faith    .   E - -2 plate armour (curse)
rPois    .         Spirit   .   (helmet restricted)
rElec    .         Reflect  .   (no cloak)
rCorr    .         Harm     .   n - +2 pair of gloves
MR       .....                  (no boots)
Stlth    ..........             (no amulet)
HPRegen  0.27/turn              (no ring)
MPRegen  0.12/turn              (no ring)

@: lethally poisoned (-9 -> -10), about to teleport, very slow
A: retaliatory headbutt, horns 2
a: Bend Time, Temporal Distortion, Slouch, Renounce Religion


Innate Abilities, Weirdness & Mutations

You reflexively headbutt those who attack you in melee.
You have a pair of horns on your head.


   Skills:
 + Level 11.7 Fighting
 + Level 11.4 Bows
 + Level 7.3 Armour
 + Level 8.5 Dodging
 - Level 0.7 Stealth
 + Level 1.0 Invocations


You had 8 spell levels left.
You knew the following spells:

 Your Spells              Type           Power        Failure   Level  Hunger
a - Blink                 Tloc           N/A          99%         2    ###....

Skill      XL: |  1  2  3  4  5  6  7  8  9 10 11 |
---------------+----------------------------------+-----
Fighting       | 3 4 5 6 7 9 10 11 | 11.7
Bows           | 5 6 7 9 10 11 | 11.4
Dodging        | 3 4 5 6 8 |  8.5
Armour         | 4 7 |  7.3
Invocations    | 1 |  1.0
Stealth        | |  0.7

Action                   |  1- 3 |  4- 6 |  7- 9 | 10-12 || total
-------------------------+-------+-------+-------+-------++-------
Melee: Short sword       |    92 |    11 |   194 |    36 ||   333
       Headbutt          |    15 |    21 |    50 |    22 ||   108
       Dagger            |       |   132 |    25 |       ||   157
       Broad axe         |       |       |       |    28 ||    28
 Fire: Shortbow          |     4 |       |   177 |    87 ||   268
Throw: Javelin           |       |     1 |       |       ||     1
Invok: Bend Time         |       |       |     1 |       ||     1
Evoke: Wand              |       |       |     1 |       ||     1
  Use: Potion            |       |     1 |     4 |     2 ||     7
       Scroll            |       |       |    16 |     3 ||    19
 Stab: Sleeping          |     1 |       |       |       ||     1
       Invisible         |       |     3 |       |       ||     3
  Eat: Chunk             |     1 |     5 |    10 |     2 ||    18
Armor: Leather armour    |    17 |       |       |       ||    17
       Scale mail        |    13 |    58 |   101 |       ||   172
       Skin              |       |       |     3 |       ||     3
       Chain mail        |       |       |    16 |    29 ||    45
       Plate armour      |       |       |       |    23 ||    23
Dodge: Dodged            |    63 |    67 |   206 |    67 ||   403

Inventory:

Hand Weapons
 a - a +1 shortbow (weapon)
 b - a +0 broad axe of chopping
   (You took it off an orc warrior on level 9 of the Dungeon)
Missiles
 x - 6 poisoned javelins
 y - 199 arrows (quivered)
Armour
 n - a +2 pair of gloves (worn)
   (You found it on level 1 of the Dungeon)
 E - a cursed -2 plate armour (worn)
   (You found it on level 9 of the Dungeon)
Wands
 d - a wand of digging (6/24)
   (You took it off Edmund on level 6 of the Dungeon)
 i - a wand of iceblast (3/15)
   (You found it on level 5 of the Dungeon)
Scrolls
 c - a scroll of blinking {unknown}
 f - 5 scrolls of fog {!r}
 j - 12 scrolls of remove curse
 k - 2 scrolls of random uselessness
 l - 2 scrolls of magic mapping {!r}
 o - 2 scrolls of amnesia
 r - 2 scrolls of identify
 t - a scroll of teleportation {!r}
 v - 3 scrolls of enchant weapon {unknown}
 w - 2 scrolls of enchant armour {unknown}
Potions
 g - 2 potions of degeneration
 m - 4 potions of curing
 p - 2 potions of flight
 q - 5 potions of heal wounds
 s - a potion of haste
 u - 2 potions of resistance
 z - 2 potions of mutation
 C - 2 potions of magic
Comestibles
 e - 4 bread rations
 h - 6 meat rations
 A - 4 fruits
 B - 2 royal jellies

Dungeon Overview and Level Annotations

Branches:
Dungeon (9/15)             Temple (1/1) D:4            Lair (0/6) D:9
    Orc: D:9-12

Altars:
Ashenzari
Cheibriados
Elyvilon
Gozag
Kikubaaqudgha
Makhleb
Okawaru
Ru
Sif Muna
Vehumet
Wu Jian
Xom
Yredelemnul
Zin

Shops:
D:4 *   D:5 *   D:7 ?


You were on level 9 of the Dungeon.
You worshipped Cheibriados.
Cheibriados was greatly pleased with you.
You were not hungry.

You visited 2 branches of the dungeon, and saw 10 of its levels.

You collected 434 gold pieces.
You spent 326 gold pieces at shops.


Message History

The arrow hits the death yak but does no damage.
You feel sick. The death yak gores you!!
You take 19 damage, and have 60/97 hp.
Aim: a death yak (almost dead)
You shoot an arrow. The arrow hits the death yak.
The death yak gores you but does no damage.
Aim: a death yak (almost dead)
You shoot an arrow. The arrow hits the death yak.
The death yak gores you.
You take 1 damage, and have 59/97 hp.
Aim: a death yak (almost dead)
You shoot an arrow. The arrow hits the death yak.
Aim: a death yak (almost dead)
You shoot an arrow. The arrow hits the death yak!
You kill the death yak!
Cheibriados appreciates the change of pace.
You have reached level 11!
You regained 5 hp, and now have 64/104 hp.
MP restored: 10
Aim: a death yak You shoot an arrow.
The arrow hits the death yak!
The death yak gores you but does no damage.
Aim: a death yak (lightly wounded)
You shoot an arrow. The arrow barely misses the death yak.
The arrow hits the yak.
You feel sick.
You take 1 damage, and have 63/104 hp.
Aim: a death yak (lightly wounded)
You shoot an arrow. The arrow hits the death yak!
The death yak closely misses you.
Aim: a death yak (moderately wounded)
You shoot an arrow.
The arrow hits the death yak but does no damage.
The death yak gores you!
You take 6 damage, and have 57/104 hp.
Aim: a death yak (moderately wounded)
You shoot an arrow. The arrow hits the death yak.
The death yak gores you but does no damage.
Aim: a death yak (moderately wounded)
You shoot an arrow. The arrow hits the death yak!
Aim: a death yak (heavily wounded)
You shoot an arrow.
The arrow hits the death yak but does no damage.
The death yak barely misses you.
Aim: a death yak (heavily wounded)
You shoot an arrow.
The arrow hits the death yak but does no damage.
You feel sick. The death yak barely misses you.
You take 1 damage, and have 56/104 hp.
Aim: a death yak (heavily wounded)
You shoot an arrow. The arrow hits the death yak.
The death yak gores you!
* * * LOW HITPOINT WARNING * * *
You take 10 damage, and have 46/104 hp.
Aim: a death yak (heavily wounded)
You shoot an arrow.
The arrow hits the death yak but does no damage.
Aim: a death yak (heavily wounded)
You shoot an arrow.
The arrow hits the death yak but does no damage.
The death yak barely misses you.
Aim: a death yak (heavily wounded)
You shoot an arrow.
The arrow completely misses the death yak.
The arrow hits the yak.
The death yak gores you.
* * * LOW HITPOINT WARNING * * *
You take 2 damage, and have 44/104 hp.
Aim: a death yak (heavily wounded)
You shoot an arrow. The arrow hits the death yak!
Aim: a death yak (heavily wounded)
You shoot an arrow. The arrow hits the death yak.
The death yak gores you but does no damage.
The yak snorts and paws the ground.
Aim: a death yak (heavily wounded)
You shoot an arrow. The arrow barely misses the death yak.
The arrow hits the yak!
The death yak gores you!
* * * LOW HITPOINT WARNING * * *
You take 15 damage, and have 29/104 hp.
Aim: a death yak (heavily wounded)
You shoot an arrow.
The arrow hits the death yak but does no damage.
You feel sick. The death yak completely misses you.
You take 1 damage, and have 28/104 hp.
Aim: a death yak (heavily wounded)
You shoot an arrow.
The arrow hits the death yak but does no damage.
Aim: a death yak (heavily wounded)
You shoot an arrow. The arrow barely misses the death yak.
The arrow hits the yak!
You kill the yak!
Cheibriados thoroughly appreciates the change of pace.
Your Invocations skill increases to level 1!
The death yak misses you. You furiously retaliate!
You headbutt the death yak, but do no damage.
The death yak snorts and paws the ground.
Aim: a death yak (heavily wounded)
You shoot an arrow. The arrow hits the death yak!
The death yak gores you!
* * * LOW HITPOINT WARNING * * *
You take 17 damage, and have 11/104 hp.
Really read
t - 2 scrolls of teleportation {!r}?
As you read the scroll of teleportation {!r}, it crumbles to dust.
You feel strangely unstable. The death yak gores you!!
You die...

#.# #.# ##.......
#..####.###...#####
# #...........# #
#. ##..#.###...# #
#.# ##.#># #####
### ..###....# #(.
#.#.#.### #.#
#..#.# #.# #@...#
#.# #YaY###...# #.#
.....YT ##..# #..
....... #.# #..
....... ... ##.
....#.. .#.. ##
..>.##. ###. ... ..


You could see a death yak, 2 yaks, a troll and a worker ant.

Notes
Turn   | Place    | Note
-------+----------+-------------------------------------------
     0 | D:1      | theanonym the Minotaur Hunter began the quest for the Orb.
     0 | D:1      | Reached XP level 1. HP: 18/18 MP: 0/0
   117 | D:1      | Reached skill level 3 in Fighting
   117 | D:1      | Reached XP level 2. HP: 17/26 MP: 1/1
   402 | D:1      | HP: 13/26 [jackal (3)]
   539 | D:1      | Reached skill level 5 in Bows
   539 | D:1      | Reached XP level 3. HP: 26/31 MP: 2/2
  1213 | D:2      | Reached skill level 4 in Fighting
  1326 | D:2      | Reached XP level 4. HP: 37/40 MP: 3/3
  1468 | D:2      | Noticed Sigmund
  1486 | D:2      | Killed Sigmund
  1486 | D:2      | Reached skill level 5 in Fighting
  1486 | D:2      | Reached skill level 6 in Bows
  1486 | D:2      | Reached XP level 5. HP: 42/48 MP: 4/4
  1625 | D:2      | Found a sacrificial altar of Ru.
  1870 | D:3      | Reached XP level 6. HP: 56/56 MP: 5/5
  2112 | D:3      | Noticed esteth's ghost (amateur DsCK)
  2135 | D:3      | HP: 24/57 [esteth's ghost (9)]
  2144 | D:3      | HP: 26/57 [esteth's ghost (3)]
  2146 | D:3      | Killed esteth's ghost
  2146 | D:3      | Reached skill level 6 in Fighting
  2146 | D:3      | Reached skill level 3 in Dodging
  2273 | D:3      | Found an ancient bone altar of Kikubaaqudgha.
  2273 | D:3      | Found a burning altar of Makhleb.
  2273 | D:3      | Found a shimmering altar of Xom.
  2273 | D:3      | Found a basalt altar of Yredelemnul.
  2789 | D:4      | Reached skill level 7 in Bows
  2792 | D:4      | Reached XP level 7. HP: 48/64 MP: 6/6
  3034 | D:4      | Noticed Robin
  3064 | D:4      | Killed Robin
  3179 | D:4      | Reached skill level 4 in Dodging
  3317 | D:4      | Found Zeggoq's General Store.
  3323 | D:4      | Bought a potion of lignification for 36 gold pieces
  3323 | D:4      | Bought a potion of heal wounds for 60 gold pieces
  3424 | D:4      | Found a staircase to the Ecumenical Temple.
  3431 | Temple   | Entered the Ecumenical Temple
  3466 | Temple   | Became a worshipper of Cheibriados the Contemplative
  3492 | D:4      | Reached skill level 7 in Fighting
  3495 | D:4      | HP: 30/66 [iguana (6)]
  4080 | D:5      | Entered Level 5 of the Dungeon
  4080 | D:5      | Noticed Menkaure
  4091 | D:5      | Killed Menkaure
  4091 | D:5      | Reached XP level 8. HP: 73/73 MP: 7/7
  4208 | D:5      | Reached skill level 8 in Bows
  4208 | D:5      | Reached skill level 5 in Dodging
  4256 | D:5      | Noticed Duvessa
  4260 | D:5      | Noticed Dowan
  4272 | D:5      | Killed Duvessa
  4272 | D:5      | Reached skill level 8 in Fighting
  4286 | D:5      | Killed Dowan
  4308 | D:5      | Noticed Pikel
  4318 | D:5      | HP: 37/75 [Pikel/whip of electrocution (3)]
  4324 | D:5      | HP: 37/75 [poisoned by Dowan]
  4393 | D:5      | HP: 32/75 [ice beast (1)]
  4395 | D:5      | Reached * piety under Cheibriados
  4612 | D:5      | HP: 34/75 [slave[Pikel] (4)]
  4612 | D:5      | HP: 11/75 [Pikel/whip of electrocution (18)]
  4614 | D:5      | Killed Pikel
  4614 | D:5      | Reached skill level 9 in Fighting
  4614 | D:5      | Reached skill level 9 in Bows
  5036 | D:5      | Reached XP level 9. HP: 74/84 MP: 8/8
  5111 | D:5      | Found Cesim's Assorted Antiques.
  5125 | D:5      | Bought a potion of heal wounds for 140 gold pieces
  5277 | D:6      | Reached skill level 1 in Armour
  5343 | D:6      | Found a snail-covered altar of Cheibriados.
  5532 | D:6      | Found a glowing silver altar of Zin.
  5571 | D:6      | Reached skill level 2 in Armour
  5632 | D:6      | Noticed Edmund
  5645 | D:6      | Killed Edmund
  5927 | D:7      | Noticed a gargoyle
  5946 | D:7      | HP: 31/85 [gargoyle/mace of protection (14)]
  6110 | D:7      | HP: 35/85 [gargoyle/stone arrow (11)]
  6111 | D:7      | Killed a gargoyle
  6111 | D:7      | Reached skill level 10 in Fighting
  6111 | D:7      | Reached skill level 10 in Bows
  6111 | D:7      | Reached skill level 3 in Armour
  6111 | D:7      | Reached skill level 6 in Dodging
  6343 | D:7      | Reached ** piety under Cheibriados
  6665 | D:7      | Reached skill level 4 in Armour
  6876 | D:7      | Found Hojunel's Magic Scroll Emporium.
  6879 | D:7      | Bought a scroll of identify for 20 gold pieces
  6879 | D:7      | Bought a scroll of identify for 20 gold pieces
  6879 | D:7      | Bought a scroll of teleportation for 30 gold pieces
  6879 | D:7      | Bought a scroll of identify for 20 gold pieces
  7501 | D:8      | Reached XP level 10. HP: 93/94 MP: 9/9
  7684 | D:8      | Reached skill level 5 in Armour
  7684 | D:8      | Reached skill level 7 in Dodging
  7910 | D:9      | Reached *** piety under Cheibriados
  8058 | D:9      | Learned a level 2 spell: Blink
  8121 | D:9      | Noticed a two-headed ogre
  8131 | D:9      | HP: 46/94 [two-headed ogre/giant club (13)]
  8136 | D:9      | Killed a two-headed ogre
  8136 | D:9      | Reached skill level 11 in Fighting
  8253 | D:9      | Reached skill level 6 in Armour
  8375 | D:9      | Reached skill level 11 in Bows
  8529 | D:9      | Noticed a two-headed ogre
  8530 | D:9      | Noticed a two-headed ogre
  8537 | D:9      | Killed a two-headed ogre
  8537 | D:9      | Reached skill level 8 in Dodging
  8538 | D:9      | HP: 36/96 [two-headed ogre/giant club (22)]
  8542 | D:9      | Killed a two-headed ogre
  8542 | D:9      | Reached skill level 7 in Armour
  8543 | D:9      | HP: 33/96 [hound (3)]
  8605 | D:9      | HP: 44/96 [killer bee (4)]
  8611 | D:9      | HP: 36/96 [killer bee (5)]
  8619 | D:9      | HP: 27/97 [poisoned by a killer bee]
  8629 | D:9      | HP: 28/97 [poisoned by a killer bee]
  8635 | D:9      | HP: 29/97 [poisoned by a killer bee]
  8641 | D:9      | HP: 29/97 [poisoned by a killer bee]
  8724 | D:9      | Reached **** piety under Cheibriados
  8980 | D:9      | Found a staircase to the Lair.
  8980 | D:9      | Noticed a death yak
  8981 | D:9      | Noticed a death yak
  8982 | D:9      | Noticed a death yak
  8998 | D:9      | Killed a death yak
  8998 | D:9      | Reached XP level 11. HP: 64/104 MP: 10/10
  9007 | D:9      | HP: 46/104 [death yak (11)]
  9013 | D:9      | HP: 29/104 [death yak (16)]
  9016 | D:9      | Reached skill level 1 in Invocations
  9017 | D:9      | HP: 11/104 [death yak (17)]
  9018 | D:9      | Mangled by a death yak

Vanquished Creatures
  3 two-headed ogres (D:9)
  A death yak (D:9)
  Pikel (D:5)
  A gargoyle (D:7)
  2 hornets
  Sigmund (D:2)
  A yak (D:9)
  Menkaure (D:5)
  Duvessa (D:5)
  Edmund (D:6)
  A water moccasin (D:9)
  2 orc warriors
  2 ice beasts
  2 sky beasts
  3 phantoms
  2 ogres (D:7)
  The ghost of esteth the Skirmisher, an amateur DsCK of Xom (D:3)
  A necrophage (D:8)
  4 centaurs
  A big kobold (D:8)
  4 bullfrogs
  Dowan (D:5)
  4 scorpions
  5 killer bees (D:9)
  A howler monkey (D:5)
  5 wights (D:9)
  An electric eel (D:6)
  A bullfrog zombie (D:8)
  5 hounds
  3 orc priests
  A bullfrog skeleton (D:5)
  A centaur skeleton (D:4)
  3 iguanas (D:4)
  5 orc wizards
  4 worker ants
  Robin (D:4)
  14 adders
  3 shadow imps
  2 oozes
  An adder zombie (D:7)
  2 worms
  An adder skeleton (D:7)
  4 dart slugs
  6 leopard geckos
  24 orcs
  8 bats
  5 giant cockroaches
  12 goblins
  7 hobgoblins
  10 jackals
  3 quokkas
  A ball python (D:1)
  8 frilled lizards
  7 kobolds
  A quokka skeleton (D:5)
  13 rats
209 creatures vanquished.
